 Dungeon Crawl Stone Soup version 0.29.1-12-g30fa7ad0bf (webtiles) character file.

Game seed: 7692684434928242678

3980 kingsuperguy the Spear-Bearer (level 10, 0/86 HPs)
             Began as a Minotaur Berserker on Dec 14, 2022.
             Was an Elder of Trog.
             Slain by a vampire
             ... wielding the +7 triple sword of the Histrionic God {pain, rCorr Dex+3}
              (5 damage)
             ... on level 7 of the Dungeon.
             The game lasted 00:11:40 (8435 turns).

kingsuperguy the Spear-Bearer (Minotaur Berserker)  Turns: 8435, Time: 00:11:41

Health: 0/86       AC: 13    Str: 25    XL:     10   Next: 2%
Magic:  9/9        EV: 12    Int:  4    God:    Trog [****..]
Gold:   199        SH:  0    Dex: 11    Spells: 9/9 levels left

rFire   + . .      SeeInvis .   x - +3 scythe (vorpal)
rCold   . . .      Faith    .   (shield currently unavailable)
rNeg    . . .      Spirit   .   D - +0 plate armour
rPois   .          Reflect  .   (helmet restricted)
rElec   .          Harm     .   (no cloak)
rCorr   .          Rampage  .   (no gloves)
Will    .....                   (no boots)
Stlth   ..........              r - amulet of the acrobat
HPRegen 0.24/turn               F - +4 ring of evasion
MPRegen 0.11/turn               q - ring of protection from fire

@: about to teleport
A: horns 2, retaliatory headbutt
a: Renounce Religion, Berserk, Trog's Hand, Brothers in Arms


You were on level 7 of the Dungeon.
You worshipped Trog.
Trog was greatly pleased with you.
You visited 1 branch of the dungeon, and saw 8 of its levels.

You collected 367 gold pieces.
You spent 168 gold pieces at shops.

Inventory:

Hand Weapons
 a - a +0 mace
 n - a +0 flail
 x - a +3 vorpal scythe (weapon)
 M - a +4 flail of freezing
Missiles
 m - 2 atropa-tipped darts (quivered)
Armour
 b - a +0 animal skin
 f - a +0 ring mail
 g - a +0 scale mail
 w - a +0 chain mail
 D - a +0 plate armour (worn)
Jewellery
 l - a ring of magical power
 q - a ring of protection from fire (right hand)
 r - an amulet of the acrobat (around neck)
 B - an amulet of magic regeneration
 F - a +4 ring of evasion (left hand)
Wands
 C - a wand of iceblast (6)
 K - a wand of acid (8)
 O - a wand of paralysis (11)
 P - a wand of polymorph (2)
Scrolls
 d - a scroll of vulnerability {unknown}
 p - a scroll of brand weapon
 s - a scroll of silence
 t - 3 scrolls of magic mapping
 y - a scroll of poison {unknown}
 A - 3 scrolls of fog
 E - 2 scrolls of noise {unknown}
 I - a scroll of fear {unknown}
 J - a scroll of acquirement {unknown}
 L - 4 scrolls of immolation {unknown}
Potions
 c - 2 potions of magic {unknown}
 e - 2 potions of ambrosia {unknown}
 h - 3 potions of haste {unknown}
 i - 8 potions of curing
 j - 3 potions of lignification {unknown}
 k - 2 potions of brilliance
 o - 4 potions of heal wounds
 v - a potion of flight {unknown}
 z - 2 potions of degeneration {unknown}
 G - a potion of attraction {unknown}
 H - a potion of might
 N - 2 potions of resistance {unknown}


   Skills:
 + Level 7.1 Fighting
 + Level 6.5 Maces & Flails
 * Level 12.7 Polearms
 + Level 7.9 Armour
 + Level 3.4 Dodging
 + Level 0.4 Stealth


You had 9 spell levels left.
You didn't know any spells.
Your spell library was empty.

Dungeon Overview and Level Annotations

Branches:
Dungeon (8/15)             Temple (0/1) D:4
   Lair: D:8-11

Altars:
Hepliaklqana
Kikubaaqudgha
Qazlal
Ru
Sif Muna
Vehumet
Yredelemnul

Shops:
D:6 !


Innate Abilities, Weirdness & Mutations

You have a pair of horns on your head.
You reflexively headbutt those who attack you in melee.


Message History

You slice the cyan ugly thing!!
You kill the cyan ugly thing!
Trog accepts your kill.
You have reached level 10!
A vampire is nearby!
The vampire points at you and mumbles some strange words.
You are confused.
You are too confused!
You are too confused!
You are too confused!
The vampire casts a spell at you.
You are more confused.
You bump into the rock wall.
The vampire casts a spell.
The vampire flickers and vanishes!
Deactivating autopickup; reactivate with Ctrl-A.
Something hits you.
You writhe in agony.
Something barely misses you. Something hits you!
You writhe in agony.
Something misses you.
You puncture something! Your headbutt misses something.
Something draws life force from you! Something hits you.
You writhe in agony.
Something bites you!
Something draws strength from your injuries!
There is an open door here.
You are too confused!
You feel less confused. Something misses you.
Something bites you but does no damage. Something misses you.
Something bites you!
Something draws strength from your injuries!
As you read the scroll of teleportation, it crumbles to dust.
You feel strangely unstable. Something hits you!
* * * LOW HITPOINT WARNING * * *
You writhe in agony.
* * * LOW HITPOINT WARNING * * *
Something bites you!
* * * LOW HITPOINT WARNING * * *
Something draws strength from your injuries!
You feel much better. Something hits you!!
* * * LOW HITPOINT WARNING * * *
You writhe in agony.
You die...

#..##....# ......)
#..##....# ......T
#........# ##....
#.........# #...K
#..########...#..K.
#..## #...'o.).
#...# .....#..).
#...# .# #....
#.@.# ..# ......
#..## ...# ........
#..##....#.........
#..'.....'.........
#..#.....#.........
#..##'#### #..# ...
#..# ... #..# ....#


There were no monsters in sight!

Vanquished Creatures
  An ugly thing (D:7)
  A troll (D:7)
  Sigmund (D:3)
  A yak (D:7)
  A wyvern (D:7)
  2 vampire mosquitoes (D:7)
  An ice beast (D:6)
  3 orc warriors
  3 black bears
  3 ogres
  A phantom (D:7)
  3 kobold brigands
  2 bullfrogs
  A scorpion (D:5)
  8 wights
  3 howler monkeys (D:7)
  5 hounds
  3 orc priests
  Crazy Yiuf (D:7)
  2 iguanas
  Ijyb (D:4)
  5 orc wizards
  5 adders
  15 gnolls
  A shadow imp (D:7)
  A white imp (D:7)
  4 worms
  20 orcs
  11 endoplasms
  2 giant cockroaches
  4 goblins
  8 hobgoblins
  9 jackals
  10 kobolds
  2 quokkas (D:3)
  10 ball pythons
  4 bats
  3 frilled lizards
  6 rats
167 creatures vanquished.

Notes
Turn   | Place    | Note
-------+----------+-------------------------------------------
     0 | D:1      | kingsuperguy the Minotaur Berserker began the quest for the
                  | Orb.
     0 | D:1      | Reached XP level 1. HP: 19/19 MP: 0/0
   119 | D:1      | Reached XP level 2. HP: 24/27 MP: 1/1
   394 | D:1      | Found a faded altar of an unknown god.
   648 | D:1      | Found a radiant altar of Vehumet.
   767 | D:2      | Reached ** piety under Trog
   859 | D:2      | Found an ancient bone altar of Kikubaaqudgha.
   940 | D:2      | Reached XP level 3. HP: 33/33 MP: 2/2
  2028 | D:3      | Reached XP level 4. HP: 35/40 MP: 3/3
  2148 | D:3      | Noticed Sigmund
  2163 | D:3      | Killed Sigmund
  2164 | D:3      | Reached skill level 5 in Maces & Flails
  2164 | D:3      | Reached XP level 5. HP: 25/47 MP: 4/4
  2575 | D:3      | Found a sacrificial altar of Ru.
  2996 | D:3      | Found a basalt altar of Yredelemnul.
  2999 | D:3      | Found a stormy altar of Qazlal.
  3005 | D:3      | Found a hazy altar of Hepliaklqana.
  3205 | D:4      | Reached XP level 6. HP: 46/53 MP: 5/5
  3280 | D:4      | Reached skill level 1 in Polearms
  3524 | D:4      | Found a staircase to the Ecumenical Temple.
  3548 | D:4      | Noticed Ijyb
  3553 | D:4      | Killed Ijyb
  3726 | D:4      | Reached skill level 2 in Polearms
  4101 | D:5      | Entered Level 5 of the Dungeon
  4131 | D:5      | Reached skill level 3 in Polearms
  4131 | D:5      | Reached XP level 7. HP: 55/60 MP: 6/6
  4200 | D:5      | Reached skill level 5 in Armour
  4209 | D:5      | Reached skill level 5 in Fighting
  4384 | D:5      | Reached *** piety under Trog
  4402 | D:5      | Reached skill level 4 in Polearms
  4758 | D:6      | Reached skill level 5 in Polearms
  5091 | D:6      | Reached skill level 6 in Polearms
  5207 | D:6      | Reached XP level 8. HP: 67/69 MP: 7/7
  5281 | D:6      | Found Aries's Distillery.
  5283 | D:6      | Reached skill level 7 in Polearms
  5569 | D:6      | Bought a potion of curing for 42 gold pieces
  5569 | D:6      | Bought a potion of might for 56 gold pieces
  5569 | D:6      | Bought a potion of heal wounds for 70 gold pieces
  5603 | D:6      | Found a shimmering blue altar of Sif Muna.
  6063 | D:6      | Reached skill level 8 in Polearms
  6483 | D:7      | Reached skill level 9 in Polearms
  6799 | D:7      | Found a runed translucent door.
  6800 | D:7      | Noticed Crazy Yiuf
  6851 | D:7      | Reached XP level 9. HP: 49/74 MP: 8/8
  6855 | D:7      | Reached skill level 10 in Polearms
  7323 | D:7      | Reached **** piety under Trog
  7374 | D:7      | Identified the +7 triple sword of the Histrionic God {pain,
                  | rCorr Dex+3}
  7374 | D:7      | Identified the amulet of Viataip {Spirit rF+}
  7379 | D:7      | Noticed a troll
  7380 | D:7      | Reached skill level 11 in Polearms
  7381 | D:7      | Noticed a cyan ugly thing
  7494 | D:7      | Identified the ring of Fedhas's Indignation {Wiz Slay+2}
  8060 | D:7      | Killed a troll
  8061 | D:7      | Reached skill level 12 in Polearms
  8184 | D:7      | Killed Crazy Yiuf
  8394 | D:7      | Killed a cyan ugly thing
  8395 | D:7      | Reached XP level 10. HP: 86/86 MP: 9/9
  8435 | D:7      | Slain by a vampire

Illustrated notes

Levels and vault maps discovered:
D:1:      dpeg_arrival_lava_altar, layout_rooms,
          ebering_ecumenical_altar_petrified
D:2:      layout_basic, basic_altar, minmay_tetromino_t4
D:3:      kennysheep_big_flooded_room, layout_basic,
          nicolae_overflow_hidden_temple, general_overflow_altar,
          corexii_corridor_pit, minmay_misc_feat_more_columns, uniq_sigmund
D:4:      layout_gridville, minmay_temple_entry_glass, serial_bayou_lake_a,
          uniq_ijyb
D:5:      layout_basic
D:6:      layout_basic, led_sif_book, nicolae_stop_n_shop_2,
          amcnicky_mini_pool_medium
D:7:      minmay_the_grid_octo_2x2 [minmay_the_grid_octo_shrine,
          minmay_the_grid_octo_chip, minmay_the_grid_octo_empty,
          minmay_the_grid_octo_prize_square_snowflake], layout_gridville,
          minmay_misc_feat_four_crosses, uniq_crazy_yiuf_cottage
D:8:      minmay_general_purpose_star, layout_loops_ring, lair_entry_dummy,
          serial_park_tiny_1, uniq_grum

Skill      XL: |  1  2  3  4  5  6  7  8  9 |
---------------+----------------------------+-----
Maces & Flails | 4 5 6 |  6.5
Fighting       | 4 5 7 |  7.1
Armour         | 3 4 5 6 7 |  7.9
Dodging        | 3 |  3.4
Polearms       | 3 6 9 12 | 12.7
Stealth        | |  0.4

Action                   |  1- 3 |  4- 6 |  7- 9 | 10-12 || total
-------------------------+-------+-------+-------+-------++-------
Melee: Mace              |    60 |       |       |       ||    60
       Headbutt          |    10 |    10 |    26 |       ||    46
       Flail             |    30 |    21 |       |       ||    51
       Halberd           |       |    44 |   253 |     1 ||   298
Invok: Berserk           |       |     2 |     3 |       ||     5
  Use: Scroll            |       |       |     8 |     1 ||     9
       Potion            |       |       |       |     1 ||     1
Armor: Scale mail        |    30 |       |       |       ||    30
       Chain mail        |       |    23 |       |       ||    23
       Plate armour      |       |     4 |    92 |     1 ||    97
Dodge: Dodged            |    76 |    25 |   124 |     4 ||   229
